 Dungeon Crawl Stone Soup version 0.29.0-4-gdea44cf6ec (webtiles) character file.

Game seed: 2598889846447878141

6259 qw the Grappler (level 10, -5/104 HPs)
             Began as a Troll Cinder Acolyte on Aug 30, 2022.
             Was a Priest of Ignis.
             Slain by a cyclops (31 damage)
             ... on level 9 of the Dungeon.
             The game lasted 00:04:01 (7120 turns).

qw the Grappler (Troll Cinder Acolyte)              Turns: 7120, Time: 00:04:02

Health: -5/104     AC:  7    Str: 34    XL:     10   Next: 62%
Magic:  10/10      EV:  8    Int: 10    God:    Ignis [***...]
Gold:   473        SH:  8    Dex:  5    Spells: 11/11 levels left

rFire   + . .      SeeInvis .     - Unarmed
rCold   . . .      Faith    .   b - +0 kite shield
rNeg    . . .      Spirit   .   a - +0 robe
rPois   +          Reflect  .   (helmet restricted)
rElec   .          Harm     .   (no cloak)
rCorr   .          Rampage  .   (gloves unavailable)
Will    .....                   (boots unavailable)
Stlth   +.........              (no amulet)
HPRegen 1.07/turn               m - ring of poison resistance
MPRegen 0.12/turn               j - +6 ring of strength

@: corroded, fiery-armoured
A: large, unfitting armour, claws 3, regeneration 1, shaggy fur 1, tough skin 1
a: Renounce Religion, Fiery Armour, Foxfire Swarm, Rising Flame


You were on level 9 of the Dungeon.
You worshipped Ignis.
Ignis was most pleased with you.
You visited 1 branch of the dungeon, and saw 9 of its levels.

You collected 473 gold pieces.


Innate Abilities, Weirdness & Mutations

You are too large for most types of armour.
You have claws for hands.
Your natural rate of healing is unusually fast.
You are covered in fur. (AC +1)
You have tough skin. (AC +1)


   Skills:
 - Level 8.1 Fighting
 - Level 1.0 Throwing
 - Level 1.0 Dodging
 - Level 9.0 Shields
 + Level 12.0 Unarmed Combat
 - Level 1.0 Spellcasting
 - Level 2.1 Fire Magic


You had 11 spell levels left.
You didn't know any spells.
Your spell library contained the following spells:

 Spells                   Type           Power      Damage    Failure   Level
 Scorch                   Fire           8%         2d5       38%         2

Inventory:

Missiles
 q - a boomerang (quivered)
Armour
 a - a +0 robe (worn)
 b - a +0 kite shield (worn)
 d - +0 acid dragon scales
Jewellery
 f - a ring of protection from cold
 h - a ring of protection from fire
 j - a +6 ring of strength (right claw)
 l - a ring of fire
 m - a ring of poison resistance (left claw)
Scrolls
 g - a scroll of enchant armour
 k - 2 scrolls of identify
Potions
 c - 2 potions of haste
 e - 2 potions of mutation
 i - 3 potions of curing
 n - a potion of invisibility {unknown}
 o - a potion of magic {unknown}
 p - a potion of resistance {unknown}
 r - a potion of berserk rage {unknown}

Dungeon Overview and Level Annotations

Branches:
Dungeon (9/15)             Temple (0/1) D:4
   Lair: D:8-11         Orc: D:9-12

Altars:
Ashenzari
Cheibriados
Elyvilon
Gozag
Kikubaaqudgha
Makhleb
Nemelex Xobeh
Okawaru
Ru
Trog
Uskayaw
Wu Jian
Xom
Zin

Shops:
D:1 [((   D:4 [


Message History

Something hits you but does no damage.
You barely miss the yak.
The yak is lightly wounded.
You hear a zap.
A bolt of acid appears from out of thin air!
The bolt of acid misses you. The yak completely misses you.
7113 ||| Stepping ~*~*~tactically~*~*~ (outnumbered).
The yak attacks as you move away! The yak closely misses you.
You block something's attack.
You mangle the yak!!
You kill the yak!
Something hits you.
You claw the yak!
The yak is heavily wounded.
The cyclops hits you!!
The cyclops is burned by your cloak of flames.
The cyclops is lightly wounded.
Something hits you.
Reactivating autopickup.
You feel a bit more experienced. The yak gores you!
The yak is burned by your cloak of flames.
The yak is heavily wounded.
You claw the yak!
The yak is almost dead.
The yak gores you but does no damage.
The yak is burned by your cloak of flames.
You kill the yak!
Your Unarmed Combat skill increases to level 12!
You scratch the cyclops but do no damage.
The cyclops is lightly wounded.
The cyclops hits you!!
You scratch the cyclops but do no damage.
The cyclops is lightly wounded.
The cyclops barely misses you.
You claw the cyclops!
The cyclops is lightly wounded.
You claw the cyclops!
The cyclops is moderately wounded.
The cyclops hits you!!
You die...

###### ...# ......
...# ##### ......
...##..... ......
#......... ......
#........ ........
#........ .# #....
#.C..#####.###....
#@)......>..##....
####
#.%.).......##....
...#
#..%%.......#.....
##.#
####........#.....
#.##.#
###......#...#.
#.##.#
#......#..>#>
#.##.#
#...)..#...##
#.##.#
#####.##...#
#.##.#..# #.##...#


You could see a cyclops.

Vanquished Creatures
  Joseph (D:7)
  Maggie (D:9)
  A kobold demonologist (D:6)
  An unseen horror (D:6)
  A hornet (D:8)
  Grinder (D:5)
  A shadow (D:8)
  A wraith (D:9)
  4 yaks (D:9)
  2 steam dragons
  Duvessa (D:7)
  3 water moccasins
  A black bear (D:6)
  2 orc warriors
  4 ice beasts
  2 ogres (D:6)
  2 centaurs
  2 phantoms
  2 kobold brigands
  3 necrophages
  A gnoll sergeant (D:6)
  8 scorpions
  Dowan (D:7)
  8 killer bees
  A howler monkey (D:7)
  2 jellies
  2 orc priests
  6 hounds
  3 iguanas
  3 orc wizards
  Robin (D:4)
  4 gnolls (D:2)
  13 adders
  A shadow imp (D:7)
  3 white imps
  2 ufetubi
  3 worms
  2 dart slugs
  21 orcs
  6 endoplasms
  3 giant cockroaches
  14 goblins
  11 hobgoblins
  4 quokkas
  8 ball pythons
  10 bats
  2 frilled lizards (D:1)
  16 kobolds
  6 rats
201 creatures vanquished.

Notes
Turn   | Place    | Note
-------+----------+-------------------------------------------
     0 | D:1      | qw the Troll Cinder Acolyte began the quest for the Orb.
     0 | D:1      | Reached XP level 1. HP: 22/22 MP: 1/1
     0 | D:1      | 0 ||| qw: Version: 0.1-a-95-gae9e614
     0 | D:1      | 0 ||| qw: Game counter: 4372
     0 | D:1      | 0 ||| qw: Always use a shield: true
     0 | D:1      | 0 ||| qw: God list: Okawaru
     0 | D:1      | 0 ||| qw: Allow faded altars: false
     0 | D:1      | 0 ||| qw: Do Orc after D:15 true
     0 | D:1      | 0 ||| qw: Do second Lair branch before Depths: true
     0 | D:1      | 0 ||| qw: Lair rune preference: random
     0 | D:1      | 0 ||| qw: Plans: Normal
     0 | D:1      | 0 ||| PLANNING D:1-11
    23 | D:1      | Found Nesiyn's Weapon Emporium.
    25 | D:1      | 25 ||| Stepping ~*~*~tactically~*~*~ (hiding).
    94 | D:1      | Reached XP level 2. HP: 28/29 MP: 2/2
   130 | D:1      | Found Ineczom's Weapon Boutique.
   321 | D:1      | Reached skill level 4 in Unarmed Combat
   617 | D:1      | 617 ||| Stepping ~*~*~tactically~*~*~ (outnumbered).
   618 | D:1      | 618 ||| Stepping ~*~*~tactically~*~*~ (outnumbered).
   619 | D:1      | 619 ||| Stepping ~*~*~tactically~*~*~ (outnumbered).
   620 | D:1      | 620 ||| Stepping ~*~*~tactically~*~*~ (outnumbered).
   621 | D:1      | 621 ||| Stepping ~*~*~tactically~*~*~ (outnumbered).
   622 | D:1      | 622 ||| Stepping ~*~*~tactically~*~*~ (outnumbered).
   643 | D:1      | Found a faded altar of an unknown god.
   647 | D:1      | Found Fazu's Antique Armour Shoppe.
   657 | D:1      | 657 ||| SHOPLISTING runed hat (189 gold, have 13).
   657 | D:1      | 657 ||| SHOPLISTING runed scarf (216 gold, have 13).
   675 | D:1      | Reached XP level 3. HP: 36/36 MP: 3/3
   711 | D:1      | 711 ||| UPGRADING to +6 ring of strength.
   712 | D:1      | 712 ||| READING scroll labelled WUBEIMN OHAI.
   713 | D:1      | 713 ||| READING scroll labelled VISOUH CIEV.
   714 | D:1      | 714 ||| READING scroll labelled LEDDIRGH VAPO.
   715 | D:1      | 715 ||| DRINKING 2 metallic amethyst potions.
   716 | D:1      | 716 ||| DRINKING 3 fuming silvery potions.
   738 | D:1      | 738 ||| DRINKING 2 glowing amethyst potions.
   738 | D:1      | Reached skill level 11 in Unarmed Combat
   738 | D:1      | Reached XP level 4. HP: 44/44 MP: 4/4
   739 | D:1      | 739 ||| DRINKING potion of experience.
   739 | D:1      | Reached XP level 5. HP: 63/63 MP: 5/5
   740 | D:1      | 740 ||| DROPPING potion of flight.
   741 | D:1      | 741 ||| DROPPING 2 potions of lignification.
   948 | D:2      | 948 ||| Stepping ~*~*~tactically~*~*~ (stealth).
   949 | D:2      | 949 ||| Stepping ~*~*~tactically~*~*~ (stealth).
   950 | D:2      | 950 ||| Stepping ~*~*~tactically~*~*~ (stealth).
  1312 | D:2      | 1312 ||| INVOKING Fiery Armour.
  1344 | D:2      | 1344 ||| Stepping ~*~*~tactically~*~*~ (stealth).
  1356 | D:2      | 1356 ||| Stepping ~*~*~tactically~*~*~ (stealth).
  1445 | D:2      | 1445 ||| DROPPING orb of mayhem.
  1446 | D:2      | 1446 ||| READING scroll labelled FULOSE ULIGHUB.
  1526 | D:3      | 1526 ||| Stepping ~*~*~tactically~*~*~ (stealth).
  1530 | D:3      | 1530 ||| Stepping ~*~*~tactically~*~*~ (stealth).
  1539 | D:3      | 1539 ||| Stepping ~*~*~tactically~*~*~ (outnumbered).
  1540 | D:3      | 1540 ||| STAIRDANCE
  1542 | D:2      | 1542 ||| Stepping ~*~*~tactically~*~*~ (outnumbered).
  1555 | D:3      | 1555 ||| Stepping ~*~*~tactically~*~*~ (outnumbered).
  1561 | D:3      | 1561 ||| Stepping ~*~*~tactically~*~*~ (stealth).
  1576 | D:3      | Reached skill level 1 in Dodging
  1644 | D:3      | Reached XP level 6. HP: 72/72 MP: 6/6
  1940 | D:3      | 1940 ||| UPGRADING to +0 kite shield.
  1945 | D:3      | 1945 ||| READING 2 scrolls labelled FIV XALETWE.
  1984 | D:4      | 1984 ||| STAIRDANCE
  1997 | D:4      | Found Kyrch's Antique Armour Shoppe.
  2008 | D:4      | 2008 ||| Stepping ~*~*~tactically~*~*~ (stealth).
  2037 | D:4      | 2037 ||| Stepping ~*~*~tactically~*~*~ (stealth).
  2038 | D:4      | 2038 ||| Stepping ~*~*~tactically~*~*~ (stealth).
  2053 | D:4      | Reached skill level 1 in Shields
  2088 | D:4      | Noticed Robin
  2089 | D:4      | 2089 ||| Stepping ~*~*~tactically~*~*~ (hiding).
  2090 | D:4      | 2090 ||| Stepping ~*~*~tactically~*~*~ (outnumbered).
  2095 | D:4      | 2095 ||| Stepping ~*~*~tactically~*~*~ (outnumbered).
  2098 | D:4      | Killed Robin
  2099 | D:4      | 2099 ||| Stepping ~*~*~tactically~*~*~ (outnumbered).
  2100 | D:4      | 2100 ||| Stepping ~*~*~tactically~*~*~ (outnumbered).
  2101 | D:4      | 2101 ||| Stepping ~*~*~tactically~*~*~ (outnumbered).
  2301 | D:4      | Found a staircase to the Ecumenical Temple.
  2390 | D:4      | Found an ornate altar of the Wu Jian Council.
  2399 | D:4      | 2399 ||| Stepping ~*~*~tactically~*~*~ (hiding).
  2522 | D:4      | Reached XP level 7. HP: 80/80 MP: 7/7
  2637 | D:4      | 2637 ||| Stepping ~*~*~tactically~*~*~ (hiding).
  3216 | D:4      | 3216 ||| DRINKING 2 black potions.
  3225 | D:5      | Entered Level 5 of the Dungeon
  3330 | D:5      | 3330 ||| FLEEEEING.
  3432 | D:5      | 3432 ||| Stepping ~*~*~tactically~*~*~ (stealth).
  3449 | D:5      | Noticed Grinder
  3454 | D:5      | Reached skill level 3 in Shields
  3457 | D:5      | Killed Grinder
  3458 | D:5      | Reached XP level 8. HP: 80/88 MP: 8/8
  3584 | D:5      | Identified the +10 flail "Wecaj" {freeze, Int-2 Dex+3 SInv}
  3729 | D:5      | 3729 ||| UPGRADING to ring of protection from fire.
  3730 | D:5      | 3730 ||| READING 3 scrolls labelled WOHIRPHASAR.
  3731 | D:5      | 3731 ||| DROPPING 2 scrolls of butterflies.
  3984 | D:6      | Noticed a kobold demonologist
  3989 | D:6      | Noticed a sixfirhy
  3990 | D:6      | 3990 ||| INVOKING Fiery Armour.
  3990 | D:6      | HP: 16/88 [sixfirhy[a kobold demonologist] (9)]
  3991 | D:6      | 3991 ||| DRINKING potion of heal wounds.
  3992 | D:6      | 3992 ||| Stepping ~*~*~tactically~*~*~ (outnumbered).
  3995 | D:6      | Killed a kobold demonologist
  4189 | D:6      | 4189 ||| Stepping randomly (disturbance).
  4190 | D:6      | 4190 ||| Stepping randomly (disturbance).
  4212 | D:6      | Killed an unseen horror
  4213 | D:6      | Reached XP level 9. HP: 45/96 MP: 9/9
  4324 | D:6      | 4324 ||| Stepping ~*~*~tactically~*~*~ (stealth).
  4350 | D:6      | Found a sparkling altar of Nemelex Xobeh.
  4365 | D:6      | Found an iron altar of Okawaru.
  4366 | D:6      | Found a glowing silver altar of Zin.
  4367 | D:6      | Found a bloodstained altar of Trog.
  4399 | D:6      | 4399 ||| Stepping ~*~*~tactically~*~*~ (hiding).
  4434 | D:6      | Found an ancient bone altar of Kikubaaqudgha.
  4441 | D:6      | Found a broken altar of Ashenzari.
  4441 | D:6      | Found an opulent altar of Gozag.
  4442 | D:6      | Found a sacrificial altar of Ru.
  4450 | D:6      | Found a white marble altar of Elyvilon.
  4451 | D:6      | Found a snail-covered altar of Cheibriados.
  4660 | D:6      | 4660 ||| Stepping ~*~*~tactically~*~*~ (outnumbered).
  4666 | D:6      | 4666 ||| Stepping ~*~*~tactically~*~*~ (outnumbered).
  4668 | D:6      | 4668 ||| Stepping ~*~*~tactically~*~*~ (outnumbered).
  4670 | D:6      | Reached skill level 6 in Shields
  4673 | D:6      | 4673 ||| INVOKING Fiery Armour.
  4676 | D:6      | HP: 22/96 [ice beast (9)]
  4677 | D:6      | 4677 ||| Stepping ~*~*~tactically~*~*~ (outnumbered).
  4678 | D:6      | 4678 ||| Stepping ~*~*~tactically~*~*~ (outnumbered).
  4681 | D:6      | HP: 22/96 [poisoned by a water moccasin]
  4773 | D:6      | 4773 ||| Stepping ~*~*~tactically~*~*~ (stealth).
  4783 | D:6      | 4783 ||| Stepping ~*~*~tactically~*~*~ (hiding).
  5044 | D:6      | Found a burning altar of Makhleb.
  5049 | D:6      | 5049 ||| UPGRADING to ring of poison resistance.
  5051 | D:6      | 5051 ||| UPGRADING to +6 ring of strength.
  5053 | D:6      | 5053 ||| READING scroll labelled BOPLIT BOIVU.
  5054 | D:6      | 5054 ||| DRINKING 2 metallic puce potions.
  5055 | D:6      | 5055 ||| DRINKING 2 bubbling black potions.
  5056 | D:6      | 5056 ||| READING 2 scrolls of identify.
  5056 | D:6      | 5056 ||| IDENTIFYING emerald potion
  5057 | D:6      | 5057 ||| DROPPING potion of attraction.
  5257 | D:7      | Found a hide-covered altar of Uskayaw.
  5257 | D:7      | Found a shimmering altar of Xom.
  5286 | D:7      | 5286 ||| Stepping ~*~*~tactically~*~*~ (stealth).
  5302 | D:7      | Noticed Joseph
  5303 | D:7      | 5303 ||| Stepping ~*~*~tactically~*~*~ (hiding).
  5305 | D:7      | 5305 ||| Stepping ~*~*~tactically~*~*~ (hiding).
  5308 | D:7      | 5308 ||| Stepping ~*~*~tactically~*~*~ (hiding).
  5309 | D:7      | 5309 ||| Stepping ~*~*~tactically~*~*~ (hiding).
  5320 | D:7      | Killed Joseph
  5449 | D:7      | 5449 ||| Stepping ~*~*~tactically~*~*~ (stealth).
  5486 | D:7      | 5486 ||| Stepping ~*~*~tactically~*~*~ (stealth).
  5488 | D:7      | 5488 ||| Stepping ~*~*~tactically~*~*~ (hiding).
  5507 | D:7      | 5507 ||| Stepping ~*~*~tactically~*~*~ (stealth).
  5518 | D:7      | 5518 ||| Stepping ~*~*~tactically~*~*~ (hiding).
  5527 | D:7      | 5527 ||| DRINKING 4 potions of curing.
  5527 | D:7      | 5527 ||| (to cure confusion)
  5646 | D:7      | Noticed Dowan
  5647 | D:7      | Noticed Duvessa
  5648 | D:7      | 5648 ||| INVOKING Fiery Armour.
  5651 | D:7      | Killed Dowan
  5653 | D:7      | Killed Duvessa
  5654 | D:7      | Reached XP level 10. HP: 81/104 MP: 10/10
  5721 | D:7      | 5721 ||| READING 2 scrolls labelled CONUID XIYHUYNLE.
  5722 | D:7      | 5722 ||| DROPPING scroll of immolation.
  6116 | D:8      | 6116 ||| Stepping ~*~*~tactically~*~*~ (stealth).
  6169 | D:8      | 6169 ||| INVOKING Fiery Armour.
  6176 | D:8      | Reached skill level 1 in Throwing
  6440 | D:8      | 6440 ||| READING 3 scrolls labelled VACISK OFADWEO.
  6441 | D:8      | 6441 ||| READING scroll labelled JEWONIW GOHIWA.
  6445 | D:8      | 6445 ||| READING 2 scrolls of identify.
  6445 | D:8      | 6445 ||| IDENTIFYING bubbling red potion
  6446 | D:8      | 6446 ||| DROPPING potion of brilliance.
  6447 | D:8      | 6447 ||| DROPPING 2 scrolls of poison.
  6596 | D:9      | Noticed Maggie
  6597 | D:9      | 6597 ||| Stepping ~*~*~tactically~*~*~ (hiding).
  6604 | D:9      | Killed Maggie
  6802 | D:9      | Reached skill level 9 in Shields
  6951 | D:9      | 6951 ||| Stepping ~*~*~tactically~*~*~ (stealth).
  7013 | D:9      | 7013 ||| Stepping ~*~*~tactically~*~*~ (hiding).
  7026 | D:9      | 7026 ||| Stepping ~*~*~tactically~*~*~ (stealth).
  7029 | D:9      | 7029 ||| Stepping ~*~*~tactically~*~*~ (stealth).
  7099 | D:9      | Noticed a cyclops
  7101 | D:9      | 7101 ||| INVOKING Fiery Armour.
  7103 | D:9      | 7103 ||| Stepping ~*~*~tactically~*~*~ (outnumbered).
  7110 | D:9      | 7110 ||| Stepping ~*~*~tactically~*~*~ (outnumbered).
  7111 | D:9      | 7111 ||| Stepping ~*~*~tactically~*~*~ (outnumbered).
  7113 | D:9      | 7113 ||| Stepping ~*~*~tactically~*~*~ (outnumbered).
  7117 | D:9      | Reached skill level 12 in Unarmed Combat
  7117 | D:9      | HP: 23/104 [cyclops (26)]
  7120 | D:9      | Slain by a cyclops

Levels and vault maps discovered:
D:1:      dpeg_arrival_arbitrary_c, layout_basic, serial_shops, shop,
          nicolae_lakefront_shop, shop, hellmonk_ecumenical_altar_arch_garden,
          st_stairs_5
D:2:      layout_loops_cross, minmay_distorted
D:3:      layout_rooms
D:4:      layout_basic, mainiacjoe_overflow_six_doors_small,
          minmay_temple_entry_enclosed_plants, serial_shops,
          nicolae_shop_behind_doors, solitary_fountain, uniq_robin
D:5:      layout_rooms, uniq_grinder
D:6:      minmay_chambers_of_threes, layout_layer_cave,
          grunt_temple_overflow_open, gammafunk_temple_overflow_forgotten
D:7:      layout_basic, nicolae_overflow_two_pavilions, uniq_duvessa,
          uniq_joseph
D:8:      layout_loops_ring
D:9:      layout_basic, uniq_maggie

Skill      XL: |  1  2  3  4  5  6  7  8  9 10 |
---------------+-------------------------------+-----
Unarmed Combat | 4 11 12 | 12.0
Fighting       | 8 |  8.1
Dodging        | 1 |  1.0
Shields        | 1 3 5 8 9 |  9.0
Throwing       | 1 |  1.0
Spellcasting   | |  1.0
Fire Magic     | |  2.1

Action                   |  1- 3 |  4- 6 |  7- 9 | 10-12 || total
-------------------------+-------+-------+-------+-------++-------
Melee: Unarmed           |    76 |   139 |   176 |   117 ||   508
       Punch             |       |     2 |       |       ||     2
Throw: Boomerang         |       |       |       |    25 ||    25
Invok: Fiery Armour      |       |     1 |     3 |     2 ||     6
  Use: Potion            |     3 |     1 |     5 |       ||     9
       Scroll            |     3 |     2 |     3 |     4 ||    12
Armor: Robe              |    26 |    41 |    30 |    30 ||   127
Dodge: Dodged            |    25 |    36 |    40 |    29 ||   130
Block: Kite shield       |       |     9 |    49 |    33 ||    91

Table legend:
 A = Non-vault XP
 B = Vault XP
 C = Vault XP percentage of total XP
 D = Non-vault monster count
 E = Vault monster count
 F = Vault count percentage of total count
                 A         B        C        D         E       F
            +---------+---------+-------+---------+---------+-------
      Total |    6456 |    2328 |  26.5 |     173 |      28 |  13.9
            +---------+---------+-------+---------+---------+-------
        D:1 |      39 |       4 |   9.3 |      25 |       3 |  10.7
        D:2 |     133 |       1 |   0.7 |      28 |       1 |   3.4
        D:3 |     227 |       0 |   0.0 |      17 |       0 |   0.0
        D:4 |     181 |      26 |  12.6 |      18 |       7 |  28.0
        D:5 |     648 |     262 |  28.8 |      15 |       1 |   6.2
        D:6 |    1530 |     976 |  38.9 |      19 |      12 |  38.7
        D:7 |     762 |     655 |  46.2 |      16 |       3 |  15.8
        D:8 |    1181 |       0 |   0.0 |      13 |       0 |   0.0
        D:9 |    1755 |     404 |  18.7 |      22 |       1 |   4.3
            +---------+---------+-------+---------+---------+-------
